 Dungeon Crawl Stone Soup version 0.27.0-1-g7a089689b8 (webtiles) character file.

Game seed: 4075815256437792436

18 gimp the Ducker (level 2, 0/14 HPs)
             Began as a Spriggan Transmuter on Aug 11, 2021.
             Frozen to death by an endoplasm (4 damage)
             ... on level 1 of the Dungeon.
             The game lasted 00:02:30 (1148 turns).

gimp the Ducker (Spriggan Transmuter)               Turns: 1148, Time: 00:02:30

Health: 0/14       AC:  2    Str:  6    XL:     2   Next: 51%
Magic:  5/6        EV: 18    Int: 14    God:
Gold:   23         SH:  0    Dex: 15    Spells: 5/6 levels left

rFire    . . .     SeeInvis +   d - +0 dagger
rCold    . . .     Faith    .   (shield restricted)
rNeg     . . .     Spirit   .   a - +0 robe
rPois    .         Reflect  .   (helmet currently unavailable)
rElec    .         Harm     .   (no cloak)
rCorr    .         Rampage  .   (gloves unavailable)
Will     .....                  (boots unavailable)
Stlth    ++........             (no amulet)
HPRegen  0.04/turn              (no ring)
MPRegen  0.10/turn              (no ring)

@: appendages (expiring), very quick
A: horns 2, talons 2, very small, no large weapons, unfitting armour, see
invisible, speed 3
a: End Transformation


You were on level 1 of the Dungeon.
You had temporarily grown beastly horns and talons.
You visited 1 branch of the dungeon, and saw 1 of its levels.

You collected 23 gold pieces.

Inventory:

Hand Weapons
 b - a +0 short sword
 d - a +0 dagger (weapon)
Armour
 a - a +0 robe (worn)
Potions
 c - a potion of lignification {unknown}


   Skills:
 - Level 0.7 Fighting
 + Level 3.5 Dodging
 + Level 2.5 Stealth
 - Level 2.4 Unarmed Combat
 - Level 2.6 Spellcasting
 - Level 2.6 Transmutations


You had 5 spell levels left.
You knew the following spells:

 Your Spells              Type           Power      Damage    Failure   Level
a - Beastly Appendage     Tmut           18%        N/A       8%          1

Your spell library contained the following spells:

 Spells                   Type           Power      Damage    Failure   Level
 Wereblood                Tmut           9%         N/A       11%         2
 Spider Form              Tmut/Pois      2%         N/A       36%         3
 Ice Form                 Ice/Tmut       5%         N/A       77%         4


Dungeon Overview and Level Annotations

Branches:
Dungeon (1/15)

Altars:


Innate Abilities, Weirdness & Mutations

You have temporarily grown beastly horns and talons.
You are very small and have problems with some larger weapons.
You are too small for most types of armour.
You have supernaturally acute eyesight. (SInv)
You cover ground extremely quickly. (Speed+++)


Message History

You hit the endoplasm.
You kill the endoplasm!
The hobgoblin completely misses you.
You hit the hobgoblin but do no damage.
The hobgoblin is severely wounded.
Your transformation is almost over.
The hobgoblin barely misses you.
You hit the hobgoblin but do no damage.
The hobgoblin is severely wounded.
You barely miss the hobgoblin.
The hobgoblin is severely wounded.
The hobgoblin barely misses you. The endoplasm misses you.
MP restored: 6 Your horns disappear.
Your talons disappear.
Casting: Beastly Appendage (safe; 8% risk of failure)
Confirm with . or Enter, or press ? or * to list all spells.
You grow a pair of large bovine horns.
Your feet morph into talons.
You now have 5/6 mp.
You hit the hobgoblin.
The hobgoblin is heavily wounded.
The hobgoblin misses you.
You closely miss the hobgoblin. Your headbutt misses the hobgoblin.
The hobgoblin is heavily wounded.
The hobgoblin closely misses you.
You barely miss the hobgoblin. You claw the hobgoblin.
The hobgoblin is almost dead.
Your transformation is almost over.
The hobgoblin closely misses you.
You hit the hobgoblin.
You kill the hobgoblin!
You hit the endoplasm.
The endoplasm is moderately wounded.
The endoplasm hits you.
* * * LOW HITPOINT WARNING * * *
You take 2 damage, and have 4/14 hp.
You hit the endoplasm.
The endoplasm is heavily wounded.
The endoplasm freezes you.
You are frozen.
You die...

............#..##.#......########
..................#..............
..........#.....#................
.#........###.....#..............
##............#.....#+##.........
##......Jg#....##.#..............
.#........+....+.................
(.........#....##................
.#............gJ@........†.)#####
##........#######....######÷#
##........##...##....######'#####
##.........#...##....##.........#
#..............##....##.........#
####.........####)...##.........#
####.................++.........#
)....................##.........#
................................#


You could see an endoplasm and a hobgoblin.

Vanquished Creatures
  2 endoplasms (D:1)
  3 goblins (D:1)
  3 hobgoblins (D:1)
  4 jackals (D:1)
  A ball python (D:1)
  A bat (D:1)
  A kobold (D:1)
15 creatures vanquished.

Vanquished Creatures (others)
  2 fungi (D:1)
  3 plants (D:1)
5 creatures vanquished.

Grand Total: 20 creatures vanquished

Notes
Turn   | Place    | Note
-------+----------+-------------------------------------------
     0 | D:1      | gimp the Spriggan Transmuter began the quest for the Orb.
     0 | D:1      | Reached XP level 1. HP: 9/9 MP: 5/5
   162 | D:1      | Reached skill level 3 in Dodging
   162 | D:1      | Reached skill level 1 in Stealth
   302 | D:1      | Found a faded altar of an unknown god.
   687 | D:1      | Reached XP level 2. HP: 3/14 MP: 4/6
  1148 | D:1      | Frozen to death by an endoplasm

Illustrated notes

Levels and vault maps discovered:
D:1:      kennysheep_arrival_forest, layout_basic,
          shapermc_ecumenical_altar_mp_urbaneastern, nrook_loot_triangle

Skill      XL: |  1  2 |
---------------+-------+-----
Dodging        | 3 |  3.5
Stealth        | 1 2 |  2.5
Fighting       | |  0.7
Unarmed Combat | |  2.4
Spellcasting   | |  2.6
Transmutations | |  2.6

Action                   || total
-------------------------++-------
Melee: Dagger            ||    61
       Kick              ||    15
       Unarmed           ||     7
       Short sword       ||     5
       Headbutt          ||     7
       Punch             ||     1
 Cast: Beastly Appendage ||    15
Armor: Robe              ||     7
Dodge: Dodged            ||    79
